 Dungeon Crawl Stone Soup version 0.30.1-11-g7821555f0a (webtiles) character file.

Game seed: 6186256778300164810

36 Okkudo the Chopper (level 3, -3/33 HPs)
             Began as a Hill Orc Monk on Dec 1, 2023.
             Killed from afar by Sigmund (8 damage)
             ... with a puff of flame
             ... on level 2 of the Dungeon.
             The game lasted 00:02:25 (815 turns).

Okkudo the Chopper (Hill Orc Monk)                   Turns: 815, Time: 00:02:26

Health: -3/33      AC:  3    Str: 15    XL:     3   Next: 37%
Magic:  3/3        EV: 12    Int: 10    God:
Gold:   57         SH:  0    Dex: 13    Spells: 2/2 levels left

rFire   . . .        a - +0 hand axe
rCold   . . .        d - orb {light}
rNeg    . . .        b - +0 robe
rPois   .            (no helmet)
rElec   .            (no cloak)
rCorr   .            (no gloves)
SInv    .            h - +0 pair of boots
Will    .....        (no amulet)
Stlth   +            (no ring)
HPRegen 0.25/turn    (no ring)
MPRegen 0.08/turn

%: no passive effects
@: confused, glowing
A: no striking features
a: no special abilities


You were on level 2 of the Dungeon.
You visited 1 branch of the dungeon, and saw 2 of its levels.

You collected 57 gold pieces.

Inventory:

Hand Weapons
 a - a +0 hand axe (weapon)
Armour
 b - a +0 robe (worn)
 d - an orb of light (worn)
 h - a +0 pair of boots (worn)
Scrolls
 f - a scroll of teleportation {unknown}
 j - a scroll of identify {unknown}
Potions
 c - a potion of ambrosia
 e - a potion of mutation {unknown}
 g - a potion of curing {unknown}
 i - a potion of might {unknown}


   Skills:
 + Level 4.2 Fighting
 + Level 4.6 Axes
 + Level 2.8 Dodging


You had 2 spell levels left.
You didn't know any spells.
Your spell library contained the following spells:

 Spells                   Type           Power      Damage    Failure   Level
 Summon Small Mammal      Summ           0%         N/A       36%         1
 Call Canine Familiar     Summ           0%         N/A       75%         3
 Summon Guardian Golem    Hex/Summ       0%         N/A       75%         3


Dungeon Overview and Level Annotations

Branches:
Dungeon (2/15)

Altars:

Annotations:
D:2 Sigmund


Message History

You closely miss Sigmund. You barely miss the hobgoblin.
Sigmund hits you with a +0 scythe! The hobgoblin barely misses you.
You hit Sigmund but do no damage. You hit the hobgoblin.
Sigmund barely misses you. The hobgoblin barely misses you.
You hit Sigmund.
Sigmund is lightly wounded.
You hit the hobgoblin.
You kill the hobgoblin!
Sigmund barely misses you.
You hit Sigmund but do no damage.
Sigmund is lightly wounded.
You barely miss Sigmund.
Sigmund is lightly wounded.
You hit the bat but do no damage. The bat barely misses you.
Sigmund hits you with a +0 scythe!
You barely miss Sigmund.
Sigmund is lightly wounded.
You closely miss the bat. The bat hits you.
Sigmund casts a spell.
Sigmund flickers and vanishes for a moment.
You hit Sigmund.
Sigmund is lightly wounded.
You barely miss the bat. The bat barely misses you. Sigmund barely misses you.
You hit Sigmund.
Sigmund is moderately wounded.
You hit the bat. The bat barely misses you.
You hit Sigmund.
Sigmund is heavily wounded.
Sigmund casts a spell at you.
You are confused.
The bat barely misses you.
You closely miss the bat.
The bat is severely wounded.
You closely miss Sigmund. The bat hits you.
Sigmund gestures at you while chanting. The magic dart hits you!
* * * LOW HITPOINT WARNING * * *
Sigmund casts a spell at you. The puff of flame hits you!
You die...

... .... .. #..###
#.... .#.....##
.....
......(.#######.....
....................
.......†............
......@@...........
...............###
.....b.........#
...........#.<.#
.............#.## .
.#.....#######..#
... .......
##.####...# #######
...##.)......#
#...........#


You could see Sigmund (invisible) and a bat.

Vanquished Creatures
  3 dart slugs (D:1)
  3 ball pythons (D:1)
  A bat (D:1)
  2 endoplasms (D:1)
  A giant cockroach (D:1)
  5 hobgoblins
  A quokka (D:1)
  2 frilled lizards (D:1)
  4 goblins (D:1)
  4 kobolds
  2 rats (D:1)
28 creatures vanquished.

Notes
Turn   | Place    | Note
-------+----------+-------------------------------------------
     0 | D:1      | Okkudo the Hill Orc Monk began the quest for the Orb.
     0 | D:1      | Reached XP level 1. HP: 19/19 MP: 1/1
   101 | D:1      | Reached XP level 2. HP: 15/27 MP: 2/2
   435 | D:1      | Reached XP level 3. HP: 21/33 MP: 3/3
   801 | D:2      | Noticed Sigmund
   815 | D:2      | Killed from afar by Sigmund

Illustrated notes

Levels and vault maps discovered:
D:1:      beargit_arrival_diablo_church, layout_basic, serial_forest,
          infiniplex_forest_clump_long, infiniplex_forest_straight_3,
          infiniplex_forest_clump_diagonal, infiniplex_forest_end_2,
          infiniplex_forest_clump_curved
D:2:      layout_rooms, uniq_sigmund

Skill      XL: |  1  2 |
---------------+-------+-----
Fighting       | 4 |  4.2
Axes           | |  4.6
Dodging        | |  2.8

Action                     || total
---------------------------++-------
  Melee: Hand axe          ||    85
 Armour: Robe              ||    10
  Dodge: Dodged            ||    63
